 Dungeon Crawl Stone Soup version 0.12.1-37-g3498412 (console) character file.

255189 LEBESGUE the Wrestler (level 21, -1/185 HPs)
             Began as a Ghoul Artificer on May 23, 2013.
             Was a High Priest of Nemelex Xobeh.
             Slain by a stone giant zombie (27 damage)
             ... on Level 2 of the Vaults.
             The game lasted 02:23:53 (48202 turns).

LEBESGUE the Wrestler (Ghoul Artificer)            Turns: 48202, Time: 02:23:53

HP  -1/185       AC 14     Str 24      XL: 21   Next: 36%
MP   1/31        EV 13     Int  7      God: Nemelex Xobeh [*****.]
Gold 680         SH 25     Dex 11      Spells:  3 memorised, 23 levels left

Res.Fire  : + + .   See Invis. : +     - Unarmed
Res.Cold  : + . .   Warding    : .   v - +2 leather armour of the Dwarven Hall {Str Life Prot.: + + + Conserve : . n - +0 shield {reflect}
Res.Poison: +       Res.Corr.  : .   Z - +2 cap {SInv}
Res.Elec. : .       Clarity    : +   u - +1 cloak of Blikhlumu {rF+}
Sust.Abil.: . .     Spirit.Shd : .   (no gloves)
Res.Mut.  : .       Stasis     : .   U - +2 pair of dwarf boots {Stlth+}
Res.Rott. : +       Ctrl.Telep.: .   R - amulet of clarity
Saprovore : + + +   Flight     : .   N - ring of protection from fire
                                     z - ring of wizardry

@: sage [Invocations], very slightly contaminated, rotting, hasted, very quick,
quite resistant to hostile enchantments, stealthy
A: rotting body, claws 1, carnivore 3, cold resistance 1, life protection 3,
poison resistance, saprovore 3, slow healing 1, torment resistance, unbreathing
a: Draw One, Peek at Two, Triple Draw, Deal Four, Stack Five, Renounce Religion


You were on level 2 of the Vaults.
You worshipped Nemelex Xobeh.
Nemelex Xobeh was exalted by your worship.
You were not hungry.

You visited 6 branches of the dungeon, and saw 39 of its levels.

You collected 3305 gold pieces.
You spent 2645 gold pieces at shops.

Inventory:

Armour
 g - the +2 cloak of Loladoj {rElec Str+1}
   (You bought it in a shop on level 9 of the Dungeon)

   It affects your strength (+1).
   It insulates you from electricity.
 h - a +2 plate armour of magic resistance
 n - a +0 shield of reflection (worn)
 u - the +1 cloak of Blikhlumu (worn) {rF+}
   (You bought it in a shop on level 16 of the Dungeon)

   It protects you from fire.
 v - the +2 leather armour of the Dwarven Hall (worn) {Str+1 Dam+5}
   (You bought it in a shop on level 9 of the Dungeon)

   It affects your strength (+1).
   It affects your damage-dealing abilities (+5).
 U - a +2 pair of dwarven boots of stealth (worn)
 Z - a +2 cap of see invisible (worn)
Magical devices
 j - a wand of teleportation (5)
 x - a wand of polymorph (8)
 D - a wand of confusion (8)
 P - a wand of invisibility (2)
 Q - a wand of draining (0)
 S - a wand of digging (16)
 T - a wand of cold (6)
 X - a wand of paralysis (15)
Comestibles
 o - 8 meat rations
 C - a royal jelly
 Y - 11 honeycombs
Scrolls
 a - 5 scrolls of teleportation {!r}
 d - a scroll of silence
 q - 4 scrolls of remove curse {!r}
 t - a scroll of fog
 M - a scroll of magic mapping
Jewellery
 c - an uncursed ring of teleportation
 p - the ring "Thilyupo" {Str+2 Dex+3}
   (You found it on level 17 of the Dungeon)

   [ring of strength]

   It affects your strength (+2).
   It affects your dexterity (+3).
 s - an uncursed ring of protection from magic
 w - an uncursed ring of sustenance
 z - a ring of wizardry (left claw)
 E - an uncursed ring of teleport control
 H - an uncursed ring of see invisible {unknown}
 J - an uncursed ring of sustain abilities
 L - an uncursed amulet of warding
 N - a ring of protection from fire (right claw)
 R - an amulet of clarity (around neck)
 W - an uncursed ring of protection from cold
Potions
 l - 7 potions of curing
 m - a potion of might
 r - 2 potions of agility
 A - 2 potions of invisibility
 F - 2 potions of flight
 I - a potion of restore abilities
Miscellaneous
 e - a plain deck of escape {drawn: 3} {!p}
 f - an ornate deck of escape {drawn: 1} {!p}
 k - a plain deck of destruction {drawn: 8} {!p}
 y - a plain deck of destruction {drawn: 1} {!p}
 B - an ornate deck of destruction {drawn: 1} {!p}
 K - a plain deck of destruction {drawn: 1} {!p}
 V - a legendary deck of escape {drawn: 12} {!p}
Rods
 b - a +2 lightning rod (11/11)
   (You found it on level 8 of the Lair of Beasts)


   Skills:
 - Level 16.4 Fighting
 - Level 9.4 Armour
 - Level 7.5 Dodging
 - Level 1.1 Stealth
 - Level 10.6 Shields
 - Level 1.7 Traps
 + Level 22.1 Unarmed Combat
 - Level 7.1 Spellcasting
 + Level 13.8 Charms
   Level 3.8 Summonings
   Level 1.1 Necromancy
   Level 1.6 Transmutations
   Level 0.9 Ice Magic
   Level 4.0 Invocations
 - Level 10.2 Evocations


You had 23 spell levels left.
You knew the following spells:

 Your Spells              Type           Power        Failure   Level  Hunger
s - Swiftness             Chrm/Air       ###.......   1%          2    ##.....
F - Flight                Chrm/Air       ###.......   3%          3    ###....
S - Haste                 Chrm           ####.....    10%         6    #######


Dungeon Overview and Level Annotations

Branches:
Dungeon (20/27)            Temple (1/1) D:7             Orc (4/4) D:6
    Elf (0/3) Orc:4          Lair (8/8) D:11         Shoals (0/5) Lair:3
 Spider (4/5) Lair:6        Slime (0/6) Lair:8       Vaults (2/5) D:17
  Crypt: Vaults:2-3

Altars:
Ashenzari
Cheibriados
Elyvilon
Fedhas
Kikubaaqudgha
Nemelex Xobeh
Okawaru
Sif Muna
Trog
Vehumet
Yredelemnul
Zin
the Shining One
Beogh

Shops:
D:9: [ D:16: [ Orc:4: [/++

Annotations
D:5 exclusion: upstairs, lomarcan77's ghost, experienced HOFi
Orc:3 exclusion: upstairs
Spider:1 4 exclusions, Roxanne
Spider:2 exclusion: downstairs
Vaults:1 exclusion: orange crystal statue


Innate Abilities, Weirdness & Mutations

Your body is rotting away.
You have sharp fingernails.
You are carnivorous and can eat meat at any time.
Your flesh is cold resistant.
You are immune to negative energy.
Your system is resistant to poisons.
You thrive on rotten meat.
You heal slowly.
You are immune to unholy pain and torment.
You can survive without breathing.


Message History

The stone giant zombie misses you. The eye of draining stares at you.
You claw the eye of draining!
The eye of draining is moderately wounded.
You eviscerate the eye of draining!!!
You kill the eye of draining!
You claw the stone giant zombie! The stone giant zombie hits you.
* * * LOW HITPOINT WARNING * * *
Damage: -2%(-4hp) hp: 29%(53hp)
You mangle the stone giant zombie!! You claw the stone giant zombie!
You mangle the stone giant zombie!! The stone giant zombie hits you!
* * * LOW HITPOINT WARNING * * *
Huge Dmg: -15%(-28hp) hp: 14%(25hp)
You claw the stone giant zombie! You hit the stone giant zombie.
You claw the stone giant zombie!
You hit the stone giant zombie but do no damage.
You hit the stone giant zombie. The stone giant zombie hits you!
You die...
Your body disappears without a glow.

▒······▒▒▒▒▒▒▒▒▒▒▒▒▒▒
▒▒▒▒▒▒▒▒ ▒· ▒·
▒▒▒▒▒▒▒▒▒ ▒·
▒≈≈···≈≈▒ ▒·
▒≈≈···≈≈▒ ▒·
▒·······▒ ▒·
▒···Z···▒ ▒▒▒▒
▒···n···▒ ▒···
▒≈≈···≈≈▒ ▒···
▒≈≈···≈≈▒ ▒···
▒▒▒◼▒▒▒▒▒ ▒··· ··· ··
·


You could see a stone giant zombie.

Vanquished Creatures
  A golden dragon (D:17)
  An illusory Mara (D:19)
  Arachne (Spider:3)
  A bone dragon (D:17)
  Kirke (D:17)
  Frances (D:17)
  Aizul (D:16)
  A vault warden (Vaults:1)
  A ghost moth (Spider:4)
  Donald (Spider:4)
  A stone giant (D:17)
  Jorgrun (Spider:3)
  An emperor scorpion (Spider:1)
  A vampire knight (D:16)
  2 yaktaur captains
  An ettin (D:20)
  A great orb of eyes (D:20)
  4 ogre magi
  An ironheart preserver (Vaults:2)
  2 ice dragons
  A ravenous item mimic (Spider:4)
  A storm dragon skeleton (Vaults:1)
  Josephine (D:10)
  9 hydras
  A wolf spider zombie (D:15)
  2 deep trolls (Vaults:2)
  A fire giant zombie (Vaults:1)
  2 sphinx skeletons
  Urug (Orc:2)
  An orc high priest (Orc:4)
  A stone giant skeleton (D:20)
  A catoblepas (D:17)
  10 centaur warriors
  9 vapours (D:19)
  A shadow wraith (D:20)
  6 skeletal warriors
  2 deep elf knights
  2 wizards
  An unseen horror (shapeshifter) (D:14)
  3 orc knights
  3 flayed ghosts
  A necromancer (D:18)
  A redback zombie (D:17)
  Pikel (D:7)
  4 unseen horrors
  23 hill giants
  A vampire mage (D:16)
  A giant amoeba (D:17)
  Joseph (D:9)
  An elf (shapeshifter) (D:20)
  4 hydra zombies
  2 griffons
  3 spiny worms
  A harpy skeleton (D:20)
  2 wolf spider simulacra
  8 wolf spiders
  A vault sentinel (Vaults:1)
  2 ironbrand convokers (Vaults:1)
  8 orc sorcerers
  2 black mambas
  Maurice (D:10)
  10 cyclopes
  A fire crab (D:19)
  6 red wasps
  A griffon zombie (D:18)
  A dragon zombie (D:18)
  A spiny worm zombie (D:18)
  2 item mimics
  2 orange demons
  An elephant slug (Lair:6)
  11 elephants
  An eye of devastation (D:17)
  A queen ant (Spider:2)
  A griffon skeleton (D:15)
  2 ice dragon skeletons
  An ettin skeleton (Vaults:1)
  A mermaid (Lair:3)
  12 yaktaurs
  6 spiny frogs
  A black mamba (shapeshifter) (D:16)
  A hellwing (Orc:4)
  39 ugly things
  Psyche (Orc:1)
  A moth of suppression (Spider:3)
  23 slime creatures
  A spectral hill giant (D:15)
  9 demonic crawlers
  A spriggan (D:8)
  3 hill giant skeletons (D:10)
  12 komodo dragons
  13 two-headed ogres
  A wandering mushroom (Lair:6)
  6 polar bears (Lair:8)
  5 trolls
  A brown ooze (shapeshifter) (D:14)
  10 human zombies (D:16)
  22 blink frogs
  A raven (shapeshifter) (D:15)
  2 giant fireflies (D:13)
  2 basilisks
  11 grizzly bears (Lair:8)
  18 jumping spiders
  7 vampires (D:16)
  11 air elementals (D:19)
  A jumping spider (shapeshifter) (D:19)
  39 yaks
  2 wyverns
  4 hungry ghosts
  13 tarantellas
  A trapdoor spider (shapeshifter) (Vaults:1)
  Eustachio (D:6)
  2 fire drakes (Lair:5)
  10 orb spiders
  8 trapdoor spiders
  3 deep elf fighters (D:18)
  27 war dogs
  26 redbacks
  20 vampire mosquitoes
  24 soldier ants
  3 wraiths
  A mottled dragon (D:16)
  6 yaktaur zombies
  A hog (D:17)
  A rock worm (D:20)
  Edmund (D:5)
  10 hippogriffs
  3 giant slug zombies
  A soldier ant (shapeshifter) (D:19)
  2 necrophages
  2 hell hounds (Lair:8)
  4 manticores
  2 cyclops zombies
  A freezing wraith (D:20)
  3 yaktaur skeletons
  3 slaves (D:7)
  A manticore zombie (D:17)
  2 kobold demonologists
  A sky beast (D:10)
  A cyclops skeleton (D:11)
  6 black bears
  A boulder beetle zombie (D:18)
  2 troll zombies (D:13)
  18 giant goldfish
  A red devil (Orc:2)
  An ice beast (D:9)
  A yak zombie (D:17)
  A giant goldfish zombie (D:16)
  29 orc warriors
  A rotting devil (Orc:3)
  3 troll skeletons
  26 ogres
  2 phantoms
  3 yak skeletons
  3 yellow wasps
  16 crocodiles
  5 boring beetles
  24 centaurs
  12 big kobolds
  2 centaur zombies
  7 wargs
  9 giant slugs
  5 wolves (Lair:8)
  18 giant frogs
  5 water moccasins
  A giant frog zombie (D:8)
  A two-headed ogre zombie (D:17)
  19 insubstantial wisps
  Blork the orc (D:8)
  6 agate snails
  14 jellyfish
  An eye of draining (shapeshifter) (Vaults:2)
  An eye of draining (D:16)
  17 killer bees
  A big kobold zombie (D:14)
  An electric eel (Lair:4)
  16 wights
  A quasit (D:11)
  2 shadows
  13 spiders
  15 crimson imps
  2 goliath beetles
  5 big fish
  8 iguanas
  27 orc priests
  16 hounds
  6 scorpions
  A scorpion (shapeshifter) (D:17)
  4 porcupines
  29 worker ants
  3 worker ant zombies
  40 orc wizards
  11 deep elf soldiers
  A mottled dragon simulacrum (D:17)
  10 sheep
  Ijyb (D:4)
  Jessica (D:2)
  3 orc skeletons (Orc:4)
  19 jellies
  A goliath beetle zombie (D:9)
  15 flying skulls (D:16)
  10 green rats (Lair:7)
  18 adders
  3 giant centipedes
  2 giant mites
  5 gnolls
  7 worms
  5 giant eyeballs
  6 giant geckos
  3 oozes
  124 orcs
  4 giant cockroaches
  20 hobgoblins
  28 jackals
  14 bats
  2 giant newts
  20 goblins
  2 hobgoblin skeletons
  11 illusory rakshasas
  43 kobolds
  An orc zombie (D:8)
  4 quokkas
  18 rats
  6 ballistomycetes
  A bush (Lair:8)
  3 fungi
  2 plants
1521 creatures vanquished.

Vanquished Creatures (collateral kills)
  Saint Roka (Vaults:1)
  Mara (D:19)
  A player illusion (D:19)
  2 tentacled monstrosities (D:17)
  A shadow dragon (D:17)
  2 stone giants (D:17)
  A yaktaur captain (D:20)
  An ice dragon (D:20)
  An ogre mage (D:20)
  A hydra (Lair:8)
  A centaur warrior (D:17)
  2 skeletal warriors (D:17)
  A ball lightning (D:19)
  An orc knight (D:16)
  A fire crab (Vaults:1)
  A yaktaur (D:17)
  A two-headed ogre (shapeshifter) (D:19)
  A yaktaur zombie (D:17)
  An orc warrior (Orc:2)
  4 ogres
  A giant slug (D:17)
  4 centaurs (D:17)
  A warg (Vaults:1)
  A big kobold (D:17)
  2 orc priests
  3 orc wizards
  An orc skeleton (Orc:4)
  8 orcs
  A kobold (D:19)
  A goblin (Orc:2)
49 creatures vanquished.

Vanquished Creatures (others)
  A bone dragon (D:17)
  A very ugly thing (Vaults:1)
  A skeletal warrior (D:16)
  15 ball lightnings (D:19)
  2 unseen horrors
  A dancing weapon (Orc:2)
  A griffon (D:17)
  A yaktaur (D:17)
  2 ugly things (D:17)
  A grizzly bear (D:19)
  A tarantella (Spider:4)
  A wraith (D:19)
  A redback (Spider:1)
  A cyclops skeleton (D:17)
  4 yellow wasps (D:19)
  2 wolves (D:17)
  A big kobold (D:16)
  A deep elf mage (D:17)
  3 insubstantial wisps (D:17)
  A giant frog (Lair:7)
  An orc priest (D:16)
  8 hounds (D:17)
  A porcupine (Lair:4)
  2 orange rats (D:17)
  A sheep (D:17)
  3 lemures
  A shadow imp (Orc:3)
  A giant mite (Lair:3)
  2 humans (D:17)
  2 giant spores
  A kobold (D:20)
  A quokka (Lair:3)
  A rat (Lair:5)
  2 plants
69 creatures vanquished.

Grand Total: 1639 creatures vanquished

Notes
Turn   | Place    | Note
--------------------------------------------------------------
     0 | D:1      | LEBESGUE, the Ghoul Artificer, began the quest for the Orb.
     0 | D:1      | Reached XP level 1. HP: 17/17 MP: 1/1
    69 | D:1      | Huge Dmg: 3 Dmg
    89 | D:1      | Huge Dmg: 4 Dmg
   187 | D:1      | Huge Dmg: 5 Dmg
   194 | D:1      | Reached XP level 2. HP: 5/24 MP: 2/2
   622 | D:1      | Huge Dmg: 3 Dmg
   635 | D:1      | Huge Dmg: 4 Dmg
   637 | D:1      | Reached skill level 3 in Unarmed Combat
  1034 | D:2      | Reached XP level 3. HP: 24/28 MP: 4/4
  1097 | D:2      | Huge Dmg: 3 Dmg
  1103 | D:2      | Huge Dmg: 3 Dmg
  1302 | D:2      | Noticed Jessica
  1314 | D:2      | Killed Jessica
  1314 | D:2      | Reached skill level 4 in Unarmed Combat
  1314 | D:2      | Reached XP level 4. HP: 31/36 MP: 4/4
  2330 | D:3      | Reached skill level 5 in Unarmed Combat
  2400 | D:3      | Reached XP level 5. HP: 23/41 MP: 6/6
  2647 | D:4      | Huge Dmg: 8 Dmg
  2748 | D:4      | Noticed Ijyb
  2752 | D:4      | Huge Dmg: 12 Dmg
  2755 | D:4      | Huge Dmg: 7 Dmg
  2764 | D:4      | Huge Dmg: 8 Dmg
  2775 | D:4      | Killed Ijyb
  2837 | D:4      | Found a radiant altar of Vehumet.
  2883 | D:4      | Noticed an ogre
  2926 | D:5      | Entered Level 5 of the Dungeon
  2931 | D:5      | Huge Dmg: 5 Dmg
  3138 | D:5      | Huge Dmg: 9 Dmg
  3141 | D:5      | Reached skill level 6 in Unarmed Combat
  3143 | D:5      | Huge Dmg: 8 Dmg
  3154 | D:5      | Reached XP level 6. HP: 23/48 MP: 7/7
  3352 | D:5      | Found an ancient bone altar of Kikubaaqudgha.
  3378 | D:5      | Reached skill level 7 in Unarmed Combat
  3493 | D:5      | Huge Dmg: 11 Dmg
  3515 | D:5      | Found a deep blue altar of Sif Muna.
  3516 | D:5      | Got a smoking chain mail
  3556 | D:5      | Huge Dmg: 16 Dmg
  3574 | D:5      | Huge Dmg: 4 Dmg
  3575 | D:5      | Huge Dmg: 3 Dmg
  3584 | D:5      | Huge Dmg: 3 Dmg
  3633 | D:5      | Identified the cursed -2 chain mail of Weoq {rC++ Dam+1} (You found it on level 5 of the Dungeon)
  3644 | D:5      | Huge Dmg: 10 Dmg
  3719 | D:5      | Noticed a phantom
  3721 | D:5      | Noticed a centaur
  3753 | D:5      | Huge Dmg: 8 Dmg
  3754 | D:5      | Huge Dmg: 5 Dmg
  3757 | D:5      | Huge Dmg: 6 Dmg
  3759 | D:5      | Huge Dmg: 2 Dmg
  3765 | D:5      | Killed a centaur
  3765 | D:5      | Reached XP level 7. HP: 27/53 MP: 8/8
  3767 | D:5      | Killed a phantom
  3767 | D:5      | Reached skill level 8 in Unarmed Combat
  3881 | D:5      | Found a shattered altar of Ashenzari.
  3893 | D:5      | Noticed lomarcan77's ghost (experienced HOFi)
  4059 | D:4      | Huge Dmg: 17 Dmg
  4060 | D:4      | Killed an ogre
  4455 | D:5      | Reached skill level 9 in Unarmed Combat
  4618 | D:6      | Reached XP level 8. HP: 51/61 MP: 9/9
  4633 | D:6      | Noticed Edmund
  4646 | D:6      | Noticed Eustachio
  4667 | D:5      | Killed Edmund
  4722 | D:6      | Killed Eustachio
  4722 | D:6      | Reached skill level 10 in Unarmed Combat
  4785 | D:6      | Found a blossoming altar of Fedhas.
  5018 | D:6      | Found a staircase to the Orcish Mines.
  5068 | D:6      | Huge Dmg: 10 Dmg
  5085 | D:6      | Huge Dmg: 13 Dmg
  5106 | D:6      | Huge Dmg: 12 Dmg
  5120 | D:6      | Reached skill level 11 in Unarmed Combat
  5405 | D:6      | Reached XP level 9. HP: 67/67 MP: 11/11
  5656 | D:7      | Noticed Pikel
  5927 | D:7      | Paralysed by a giant eyeball for 4 turns
  5967 | D:7      | Found a staircase to the Ecumenical Temple.
  5983 | Temple   | Entered the Ecumenical Temple
  6026 | Temple   | Became a worshipper of Nemelex Xobeh
  6032 | Temple   | Received a gift from Nemelex Xobeh
  6039 | Temple   | Reached skill level 14 in Unarmed Combat
  6039 | Temple   | Reached XP level 10. HP: 74/85 MP: 11/11
  6040 | Temple   | good exp card
  6055 | Temple   | Acquired Nemelex Xobeh's first power
  6280 | D:7      | Killed Pikel
  6280 | D:7      | Reached skill level 15 in Unarmed Combat
  6486 | D:8      | Huge Dmg: 22 Dmg
  6486 | D:8      | Reached skill level 1 in Necromancy
  6589 | D:8      | Huge Dmg: 15 Dmg
  6897 | D:8      | Reached skill level 1 in Transmutations
  6945 | D:8      | Noticed Blork the orc
  6952 | D:8      | Killed Blork the orc
  6954 | D:8      | Received a gift from Nemelex Xobeh
  7061 | D:8      | Acquired Nemelex Xobeh's second power
  7391 | D:9      | Huge Dmg: 25 Dmg
  7399 | D:9      | Huge Dmg: 9 Dmg
  7401 | D:9      | Huge Dmg: 7 Dmg
  7759 | D:9      | Received a gift from Nemelex Xobeh
  7769 | D:9      | Noticed a reaper
  7771 | D:9      | Huge Dmg: 22 Dmg
  7906 | D:9      | Found Braner's Antique Armour Emporium.
  7972 | D:9      | Huge Dmg: 14 Dmg
  7972 | D:9      | Reached skill level 1 in Invocations
  7983 | D:9      | Noticed Joseph
  7999 | D:9      | Killed Joseph
  7999 | D:9      | Reached XP level 11. HP: 44/94 MP: 11/12
  8004 | D:9      | Bought a jewelled cloak for 156 gold pieces
  8005 | D:9      | Identified the +2 cloak of Loladoj {rElec Str+1} (You bought it in a shop on level 9 of the Dungeon)
  8020 | D:9      | Bought a bloodstained leather armour for 182 gold pieces
  8021 | D:9      | Identified the cursed +2 leather armour of the Dwarven Hall {Str+1 Dam+5} (You bought it in a shop on level 9 of the Dungeon)
  8064 | D:9      | Got a crystal long sword
  8065 | D:9      | Identified the cursed long sword of Skirmishing {drain, rF+ Str-4 Int+2 SInv} (You found it on level 9 of the Dungeon)
  8068 | D:9      | Acquired Nemelex Xobeh's third power
  8068 | D:9      | Received a gift from Nemelex Xobeh
  8453 | D:10     | Entered Level 10 of the Dungeon
  8514 | D:10     | Huge Dmg: 23 Dmg
  8600 | D:10     | Noticed Maurice
  8612 | D:10     | Killed Maurice
  8761 | D:10     | Huge Dmg: 16 Dmg
  8762 | D:10     | Huge Dmg: 13 Dmg
  8764 | D:10     | Huge Dmg: 13 Dmg
  8769 | D:10     | Huge Dmg: 7 Dmg
  9039 | D:9      | Reached skill level 4 in Evocations
  9080 | D:10     | Received a gift from Nemelex Xobeh
  9182 | D:10     | Noticed Josephine
  9194 | D:10     | Huge Dmg: 14 Dmg
  9195 | D:10     | Huge Dmg: 22 Dmg
  9196 | D:10     | Huge Dmg: 11 Dmg
  9198 | D:10     | HP: 7/94 [Josephine/dagger of distortion (4)]
  9199 | D:10     | Huge Dmg: 4 Dmg
  9200 | D:10     | Killed Josephine
  9200 | D:10     | Reached skill level 16 in Unarmed Combat
  9343 | D:10     | Huge Dmg: 22 Dmg
  9345 | D:10     | Huge Dmg: 17 Dmg
  9346 | D:10     | Huge Dmg: 19 Dmg
  9668 | D:10     | Learned a level 2 spell: Swiftness
 10239 | D:12     | Huge Dmg: 8 Dmg
 10240 | D:12     | HP: 5/91 [something (8)]
 10241 | D:12     | Huge Dmg: 8 Dmg
 10410 | D:11     | Huge Dmg: 28 Dmg
 10742 | D:12     | Huge Dmg: 22 Dmg
 10766 | D:11     | Huge Dmg: 17 Dmg
 10831 | D:11     | Huge Dmg: 13 Dmg
 11366 | D:11     | Received a gift from Nemelex Xobeh
 11389 | D:11     | Found a staircase to the Lair.
 11407 | Lair:1   | Entered Level 1 of the Lair of Beasts
 11572 | Lair:1   | Huge Dmg: 18 Dmg
 11579 | Lair:1   | Huge Dmg: 13 Dmg
 11584 | Lair:1   | Huge Dmg: 10 Dmg
 11663 | Lair:1   | Acquired Nemelex Xobeh's fourth power
 11718 | Lair:2   | Reached XP level 12. HP: 66/103 MP: 19/21
 12007 | Lair:2   | Received a gift from Nemelex Xobeh
 12082 | Lair:2   | Reached skill level 17 in Unarmed Combat
 12086 | Lair:2   | Huge Dmg: 14 Dmg
 12087 | Lair:2   | Huge Dmg: 11 Dmg
 12087 | Lair:2   | HP: 9/102 [elephant (9)]
 12088 | Lair:2   | Huge Dmg: 24 Dmg
 12175 | Lair:2   | Huge Dmg: 11 Dmg
 12205 | Lair:2   | Huge Dmg: 11 Dmg
 12207 | Lair:2   | Reached skill level 8 in Evocations
 12338 | Lair:2   | Huge Dmg: 10 Dmg
 12673 | Lair:2   | Huge Dmg: 22 Dmg
 12693 | Lair:2   | Identified a scroll of acquirement
 12696 | Lair:2   | ...
 12891 | Lair:1   | Huge Dmg: 14 Dmg
 13009 | Lair:1   | Huge Dmg: 16 Dmg
 13011 | Lair:1   | Huge Dmg: 12 Dmg
 13150 | Lair:2   | Reached skill level 12 in Fighting
 13746 | Lair:3   | Found a staircase to the Shoals.
 14317 | Lair:4   | Paralysed by a potion of paralysis for 4 turns
 14593 | Lair:5   | Acquired Nemelex Xobeh's fifth power
 14716 | Lair:5   | Huge Dmg: 21 Dmg
 14717 | Lair:5   | Reached skill level 18 in Unarmed Combat
 14739 | Lair:5   | Noticed a seven-headed hydra
 14748 | Lair:5   | nemelex, give me some decks ._.
 14753 | Lair:5   | Killed a seven-headed hydra
 14811 | Lair:5   | Received a gift from Nemelex Xobeh
 14941 | Lair:5   | Reached skill level 20 in Unarmed Combat
 14941 | Lair:5   | Reached XP level 13. HP: 109/112 MP: 23/23
 14942 | Lair:5   | Reached skill level 15 in Fighting
 14942 | Lair:5   | Reached XP level 14. HP: 117/126 MP: 22/25
 15096 | Lair:5   | Huge Dmg: 22 Dmg
 15315 | D:9      | Bought a runed shield for 117 gold pieces
 15553 | Lair:5   | Reached skill level 1 in Shields
 15613 | Lair:5   | Huge Dmg: 23 Dmg
 16426 | Lair:6   | Huge Dmg: 12 Dmg
 16986 | Lair:6   | Found a hole to the Spider Nest.
 17135 | Lair:7   | Reached skill level 4 in Shields
 17325 | Lair:7   | Huge Dmg: 14 Dmg
 17560 | Lair:7   | Huge Dmg: 28 Dmg
 17803 | Lair:8   | Entered Level 8 of the Lair of Beasts
 17915 | Lair:8   | Found a staircase to the Slime Pits.
 17946 | Lair:8   | Reached skill level 4 in Dodging
 18496 | Lair:8   | Received a gift from Nemelex Xobeh
 18580 | Lair:8   | Got a smoking plate armour
 18581 | Lair:8   | Identified the cursed -2 plate armour of the Desert {Str+1 Dex+5 Int+1} (You found it on level 8 of the Lair of Beasts)
 18628 | Lair:8   | Reached XP level 15. HP: 134/134 MP: 26/26
 18941 | Lair:8   | Received a gift from Nemelex Xobeh
 19558 | Lair:4   | Reached skill level 8 in Shields
 19685 | D:12     | Huge Dmg: 23 Dmg
 20730 | D:13     | Huge Dmg: 47 Dmg
 20829 | D:13     | Received a gift from Nemelex Xobeh
 21999 | D:11     | Killed an unseen horror
 22149 | D:11     | Noticed a hill giant
 22154 | D:11     | Killed a hill giant
 22313 | D:11     | Killed an unseen horror
 22537 | Orc:1    | Entered Level 1 of the Orcish Mines
 22559 | Orc:1    | Noticed Psyche
 22566 | Orc:1    | Killed Psyche
 22827 | Orc:2    | Received a gift from Nemelex Xobeh
 22856 | Orc:2    | Found a roughly hewn altar of Beogh.
 23012 | Orc:2    | Received a gift from Nemelex Xobeh
 23041 | Orc:2    | Got a slimy cloak
 23042 | Orc:2    | Identified the -4 cloak of Exclusion {rPois Acc+4} (You drew the Genie on level 2 of the Orcish Mines)
 23175 | Orc:3    | Found a roughly hewn altar of Beogh.
 23177 | Orc:3    | Paralysed by an orc sorcerer for 4 turns
 23184 | Orc:3    | Received a gift from Nemelex Xobeh
 23403 | Orc:3    | Received a gift from Nemelex Xobeh
 23620 | Orc:2    | Noticed Urug
 23628 | Orc:2    | Killed Urug
 23628 | Orc:2    | Reached skill level 21 in Unarmed Combat
 23909 | Orc:3    | Received a gift from Nemelex Xobeh
 24112 | Orc:4    | Entered Level 4 of the Orcish Mines
 24395 | Orc:4    | Found a staircase to the Elven Halls.
 24529 | Orc:4    | Received a gift from Nemelex Xobeh
 24863 | Orc:4    | Huge Dmg: 21 Dmg
 24868 | Orc:4    | Huge Dmg: 22 Dmg
 25272 | Orc:4    | Received a gift from Nemelex Xobeh
 25298 | Orc:4    | Found Dumu's Armour Boutique.
 25298 | Orc:4    | Found Coav's Book Shop.
 25303 | Orc:4    | Found Jyoner's Magical Wand Boutique.
 25305 | Orc:4    | Found Usez's Book Shop.
 25727 | D:14     | Entered Level 14 of the Dungeon
 25741 | D:14     | Paralysed by a giant eyeball for 3 turns
 25773 | D:14     | Found a white marble altar of Elyvilon.
 25859 | D:14     | Huge Dmg: 23 Dmg
 26206 | D:14     | Reached XP level 16. HP: 106/144 MP: 27/27
 26470 | D:14     | Received a gift from Nemelex Xobeh
 26641 | D:15     | Entered Level 15 of the Dungeon
 26906 | D:15     | Huge Dmg: 25 Dmg
 27026 | D:15     | Huge Dmg: 11 Dmg
 27436 | D:15     | Found an ancient bone altar of Kikubaaqudgha.
 27907 | D:16     | Found Luxiun's Antique Armour Boutique.
 27907 | D:16     | Noticed Aizul
 27932 | D:16     | Killed Aizul
 27932 | D:16     | Reached skill level 1 in Armour
 27938 | D:16     | Bought a pair of runed dwarven boots for 54 gold pieces
 27938 | D:16     | Bought a smelly plate armour for 840 gold pieces
 27939 | D:16     | Identified the cursed +0 plate armour of Dishonesty {rC+ Str-4} (You bought it in a shop on level 16 of the Dungeon)
 27947 | D:16     | Bought a brightly glowing cloak for 180 gold pieces
 27948 | D:16     | Identified the +1 cloak of Blikhlumu {rF+} (You bought it in a shop on level 16 of the Dungeon)
 28566 | D:16     | Noticed a ghoul
 28566 | D:16     | Noticed a ghoul
 28748 | D:16     | Bought an embroidered elven cloak for 36 gold pieces
 28748 | D:16     | Bought a shiny plate armour for 690 gold pieces
 28887 | D:16     | Found an ancient bone altar of Kikubaaqudgha.
 28890 | D:16     | Paralysed by a vampire knight for 6 turns
 29094 | D:16     | Huge Dmg: 15 Dmg
 29189 | D:16     | Huge Dmg: 20 Dmg
 29190 | D:16     | Huge Dmg: 17 Dmg
 29191 | D:16     | Huge Dmg: 18 Dmg
 29196 | D:16     | HP: 10/142 [four-headed hydra (16)]
 29197 | D:16     | Huge Dmg: 30 Dmg
 29571 | D:16     | Reached skill level 4 in Armour
 30244 | D:17     | Noticed Kirke
 30266 | D:17     | Killed Kirke
 30355 | D:17     | Noticed Frances
 30650 | D:17     | Noticed a bone dragon
 30654 | D:17     | Huge Dmg: 18 Dmg
 30657 | D:17     | Huge Dmg: 18 Dmg
 30828 | D:17     | Reached XP level 17. HP: 109/151 MP: 28/28
 30856 | D:17     | Received a gift from Nemelex Xobeh
 30869 | D:17     | Found a glowing silver altar of Zin.
 30890 | D:17     | Killed Frances
 30979 | D:17     | Huge Dmg: 27 Dmg
 30985 | D:17     | Huge Dmg: 19 Dmg
 31194 | D:17     | Reached skill level 8 in Armour
 31618 | D:17     | Received a gift from Nemelex Xobeh
 31656 | D:17     | Huge Dmg: 27 Dmg
 31718 | D:17     | Huge Dmg: 22 Dmg
 32563 | D:18     | Huge Dmg: 17 Dmg
 32586 | D:18     | Huge Dmg: 11 Dmg
 33094 | D:18     | Received a gift from Nemelex Xobeh
 33306 | D:17     | Reached skill level 22 in Unarmed Combat
 33672 | Orc:4    | Bought a book of Wizardry for 390 gold pieces
 33686 | Orc:4    | Learned a level 6 spell: Haste
 34111 | D:17     | Huge Dmg: 35 Dmg
 34130 | D:17     | Reached skill level 1 in Charms
 34132 | D:17     | Huge Dmg: 22 Dmg
 34152 | D:17     | Huge Dmg: 14 Dmg
 34481 | D:17     | Received a gift from Nemelex Xobeh
 35016 | D:19     | Noticed Mara
 35018 | D:19     | Noticed Mara
 35018 | D:19     | Noticed Mara
 35358 | D:17     | Got an opalescent robe
 35359 | D:17     | Identified the cursed +5 robe of the Fiend {Str+1 Dex+4} (You took it off a kobold on level 17 of the Dungeon)
 35670 | Spider:1 | Entered Level 1 of the Spider Nest
 35696 | Spider:1 | Reached skill level 4 in Charms
 35868 | Spider:1 | Noticed Roxanne
 36118 | Spider:2 | good tele trap
 36132 | Spider:2 | Reached XP level 18. HP: 157/160 MP: 29/29
 36569 | Spider:2 | Received a gift from Nemelex Xobeh
 36660 | Spider:3 | Noticed Arachne
 36664 | Spider:2 | Huge Dmg: 33 Dmg
 36674 | Spider:2 | Huge Dmg: 33 Dmg
 36679 | Spider:2 | HP: 12/160 [jumping spider (9)]
 36679 | Spider:2 | HP: 1/160 [jumping spider (6)]
 36681 | Spider:1 | Huge Dmg: 39 Dmg
 36681 | Spider:1 | oh
 36700 | Spider:1 | Huge Dmg: 10 Dmg
 37099 | Spider:2 | Huge Dmg: 51 Dmg
 37116 | Spider:2 | Huge Dmg: 27 Dmg
 37772 | Spider:3 | Killed Arachne
 38015 | Spider:3 | Reached skill level 8 in Charms
 38060 | Spider:3 | Noticed Jorgrun
 38067 | Spider:3 | Killed Jorgrun
 38303 | Spider:4 | Noticed Donald
 38317 | Spider:4 | Killed Donald
 38963 | Spider:4 | Reached skill level 1 in Summonings
 39040 | Spider:4 | Reached XP level 19. HP: 136/167 MP: 29/29
 39062 | Spider:4 | lol
 39218 | Lair:8   | Learned a level 2 spell: Swiftness
 39833 | Spider:4 | Huge Dmg: 31 Dmg
 39837 | Spider:4 | Huge Dmg: 24 Dmg
 40019 | Spider:4 | Huge Dmg: 34 Dmg
 40021 | Spider:4 | Huge Dmg: 33 Dmg
 40023 | Spider:4 | Huge Dmg: 28 Dmg
 40518 | D:19     | Huge Dmg: 23 Dmg
 40520 | D:19     | Huge Dmg: 15 Dmg
 40804 | D:19     | Received a gift from Nemelex Xobeh
 40894 | D:19     | Noticed LEBESGUE's illusion
 40910 | D:19     | Killed LEBESGUE's illusion
 40914 | D:19     | Noticed Mara
 40917 | D:19     | Noticed Mara
 40921 | D:19     | Killed Mara
 40921 | D:19     | Reached skill level 1 in Spellcasting
 40927 | D:19     | Killed Mara
 41357 | D:19     | Huge Dmg: 33 Dmg
 42275 | Lair:1   | Learned a level 3 spell: Flight
 42701 | D:19     | good loot ._.
 42885 | D:20     | Entered Level 20 of the Dungeon
 42947 | D:20     | Received a gift from Nemelex Xobeh
 43022 | D:20     | Huge Dmg: 24 Dmg
 43181 | D:20     | Received a gift from Nemelex Xobeh
 43276 | D:20     | Received a gift from Nemelex Xobeh
 43326 | D:20     | Huge Dmg: 43 Dmg
 43334 | D:20     | Huge Dmg: 36 Dmg
 43337 | D:20     | Huge Dmg: 22 Dmg
 43427 | D:20     | Reached skill level 4 in Spellcasting
 43440 | D:20     | Got a dazzling mace
 43441 | D:20     | Identified the mace "Suiditac" {crush, +Fly rF+} (You found it on level 20 of the Dungeon)
 43483 | D:20     | Got a smoking morningstar
 43484 | D:20     | Identified the cursed morningstar of the Vendetta {vamp, +Rage +Inv rF+} (You found it on level 20 of the Dungeon)
 45160 | D:17     | Found a staircase to the Vaults.
 45241 | D:17     | Noticed a tentacled monstrosity
 45242 | D:17     | Received a gift from Nemelex Xobeh
 45245 | D:17     | Noticed a shadow dragon
 45249 | D:17     | Killed a tentacled monstrosity
 45249 | D:17     | Reached XP level 20. HP: 178/178 MP: 21/30
 45264 | D:17     | Killed a shadow dragon
 45264 | D:17     | Reached skill level 12 in Charms
 45292 | D:17     | Got a heavily runed wooden ring
 45354 | D:17     | Noticed a golden dragon
 45354 | D:17     | Noticed a tentacled monstrosity
 45382 | D:17     | Huge Dmg: 42 Dmg
 45382 | D:17     | Killed a golden dragon
 45405 | D:17     | Noticed a bone dragon
 45423 | D:17     | Killed a tentacled monstrosity
 45435 | D:17     | Killed a bone dragon
 45598 | D:17     | Got a colourful book
 45599 | D:17     | Identified the Incunabulum of Assistive Conjuration (You found it on level 17 of the Dungeon)
 45679 | Vaults:1 | Entered Level 1 of the Vaults
 45850 | Vaults:1 | Huge Dmg: 34 Dmg
 46109 | Vaults:1 | Huge Dmg: 35 Dmg
 46213 | Vaults:1 | Received a gift from Nemelex Xobeh
 46341 | Vaults:1 | Noticed Saint Roka
 46356 | Vaults:1 | Killed Saint Roka
 47282 | Vaults:1 | Received a gift from Nemelex Xobeh
 47301 | Vaults:1 | Reached XP level 21. HP: 181/185 MP: 26/31
 47693 | Vaults:2 | Huge Dmg: 36 Dmg
 47697 | Vaults:2 | Huge Dmg: 28 Dmg
 47705 | Vaults:2 | Huge Dmg: 21 Dmg
 48171 | Vaults:2 | Huge Dmg: 34 Dmg
 48177 | Vaults:2 | Reached skill level 4 in Invocations
 48180 | Vaults:2 | Huge Dmg: 17 Dmg
 48181 | Vaults:2 | sigh
 48196 | Vaults:2 | Huge Dmg: 28 Dmg
 48202 | Vaults:2 | Slain by a stone giant zombie

Action                   |  1- 3 |  4- 6 |  7- 9 | 10-12 | 13-15 | 16-18 | 19-21 || total
-------------------------+-------+-------+-------+-------+-------+-------+-------++-------
Melee: Unarmed           |   106 |   319 |   254 |   680 |  1136 |  1650 |   845 ||  4990
       Club              |       |       |       |       |     2 |       |       ||     2
Throw: Dart              |       |       |    20 |       |       |       |       ||    20
 Cast: Swiftness         |       |       |       |       |       |     1 |       ||     1
       Flight            |       |       |       |       |       |       |     4 ||     4
       Haste             |       |       |       |       |       |       |     1 ||     1
Invok: Draw One          |       |       |       |    33 |    33 |    36 |    30 ||   132
       Peek at Two       |       |       |       |     7 |    12 |     7 |     7 ||    33
       Triple Draw       |       |       |       |     1 |     2 |     2 |     5 ||    10
       Deal Four         |       |       |       |       |     1 |     2 |     2 ||     5
Evoke: Wand              |     3 |     6 |     5 |    13 |    33 |     7 |     5 ||    72
       Deck              |       |       |     4 |     9 |       |       |       ||    13
       Rod               |       |       |       |       |    12 |     2 |     3 ||    17
  Use: Scroll            |       |    10 |       |    22 |    14 |    17 |     6 ||    69
       Potion            |       |     5 |     3 |    15 |     1 |     8 |     1 ||    33
 Stab: Sleeping          |     2 |     4 |     1 |     7 |     5 |     7 |     3 ||    29
       Confused          |       |       |       |       |     1 |       |       ||     1
       Distracted        |       |       |       |       |       |     3 |     3 ||     6
